 Dungeon Crawl Stone Soup version 0.31.0-9-g3a7656b989 (webtiles) character file.

Game seed: 9247834950586611403

20 Kenran the Insei (level 2, 0/20 HPs)
             Began as a Vampire Shapeshifter on Feb 2, 2024.
             Slain by a goblin
             ... wielding a +2 dagger of flaming
              (2 damage)
             ... on level 1 of the Dungeon.
             The game lasted 00:00:29 (224 turns).

Kenran the Insei (Vampire Shapeshifter)              Turns: 224, Time: 00:00:30

Health: 0/20       AC:  2    Str: 13    XL:     2   Next: 58%
Magic:  11/11      EV: 12    Int: 12    God:
Gold:   30         SH:  0    Dex: 13    Spells: 1/1 levels left

rFire   . .          .
                       - Unarmed
rCold   . . .        (no shield)
rNeg    . . .        a - +0 animal skin
rPois   .            (helmet currently unavailable)
rElec   .            (cloak currently unavailable)
rCorr   .            (gloves currently unavailable)
SInv    +            (boots currently unavailable)
Will    .....        (no amulet)
Stlth   +            h - ring of magical power
HPRegen 0.43/turn    (no ring)
MPRegen 0.12/turn

%: no passive effects
@: beast-form, healing quickly
A: beast (slay +1), alive, fangs 3, see invisible, vampiric 1
a: Exsanguinate, Begin Untransformation


You were on level 1 of the Dungeon.
You were a hulking beast.
You visited 1 branch of the dungeon, and saw 1 of its levels.

You collected 30 gold pieces.

Inventory:

Armour
 a - a +0 animal skin (worn)
Jewellery
 h - a ring of magical power (left hand)
Talismans
 c - a beast talisman
 d - a flux talisman
Scrolls
 e - a scroll of amnesia {unknown}
 f - a scroll of enchant armour {unknown}
 g - a scroll of identify {unknown}
 j - a scroll of acquirement {unknown}
Potions
 b - a potion of lignification {!q}
 i - a potion of mutation {unknown}


   Skills:
 - Level 0.8 Fighting
 - Level 2.1 Dodging
 + Level 4.4 Unarmed Combat
 - Level 3.2 Shapeshifting


You had one spell level left.
You didn't know any spells.
Your spell library contained the following spells:

 Spells                   Type           Power      Damage    Failure   Level
 Cigotuvi's Dreadful Rot  Necr/Alch/Air  0%         N/A       45%         2
 Ignite Poison            Fire/Alch      0%         N/A       97%         4
 Freezing Cloud           Conj/Ice/Air   0%         6-21      100%        5


Dungeon Overview and Level Annotations

Branches:
Dungeon (1/15)

Altars:


Innate Abilities, Weirdness & Mutations

You are a hulking beast.
Your limbs bulge with bestial killing power. (Slay +1)
Your natural rate of healing is accelerated.
You have razor-sharp teeth.
You have supernaturally acute eyesight. (SInv)
You are afflicted with vampirism.


Message History

No target in view!
A giant cockroach comes into view.
Found 7 gold pieces.
A giant cockroach comes into view.
You see here a +0 ring mail.
The giant cockroach bites you but does no damage.
You hit the giant cockroach.
You kill the giant cockroach!
The giant cockroach completely misses you.
You see here a giant cockroach corpse.
You barely miss the giant cockroach.
The giant cockroach bites you but does no damage.
The giant cockroach barely misses you.
You punch the giant cockroach!
You kill the giant cockroach!
No target in view!
A goblin comes into view. It is wielding a +2 dagger of flaming.
A goblin is nearby!
A ball python comes into view.
The goblin closely misses you.
You barely miss the goblin.
The goblin hits you with a +2 dagger of flaming.
The goblin burns you.
You hit the goblin.
The goblin is severely wounded.
The goblin hits you with a +2 dagger of flaming.
The goblin burns you.
You are too injured to fight recklessly!
You are too injured to fight recklessly!
You barely miss the goblin.
The goblin is severely wounded.
The ball python hisses angrily.
The goblin hits you with a +2 dagger of flaming.
The goblin burns you.
You barely miss the goblin.
The goblin is severely wounded.
The goblin hits you with a +2 dagger of flaming.
* * * LOW HITPOINT WARNING * * *
The goblin burns you.
You die...

#.#.......[#
#.#........#####
#.#............#
#.#..#.#.†.#.#.#
#....#...†##.#
#.^.$...# #
#####...# #.#.#
#h#... #g#####
#.# #.# #S# #.#
..# .##


You could see a goblin and a ball python.

Vanquished Creatures
  A gnoll (D:1)
  2 ball pythons (D:1)
  An endoplasm (D:1)
  3 giant cockroaches (D:1)
  A goblin (D:1)
  A kobold (D:1)
9 creatures vanquished.

Notes
Turn   | Place    | Note
-------+----------+-------------------------------------------
     0 | D:1      | Kenran the Vampire Shapeshifter began the quest for the
                  | Orb.
     0 | D:1      | Reached XP level 1. HP: 14/14 MP: 1/1
   111 | D:1      | Reached skill level 4 in Unarmed Combat
   111 | D:1      | Reached XP level 2. HP: 20/20 MP: 2/2
   224 | D:1      | Slain by a goblin

Illustrated notes

Levels and vault maps discovered:
D:1:      minmay_arrival_wavy_path, layout_basic

Skill      XL: |  1 |
---------------+----+-----
Unarmed Combat | 4 |  4.4
Fighting       | |  0.8
Dodging        | |  2.1
Shapeshifting  | |  3.2

Action                     || total
---------------------------++-------
  Melee: Unarmed           ||    19
 Armour: Animal skin       ||     7
  Dodge: Dodged            ||     7
